 Dungeon Crawl Stone Soup version 0.29-a0-925-g0a7a3d12f8 (webtiles) character file.

Game seed: 10225706646995770881

1316 zeratav the Tainter (level 8, -18/54 HPs)
             Began as an Octopode Venom Mage on July 30, 2022.
             Demolished by a snapping turtle (29 damage)
             ... on level 5 of the Dungeon.
             The game lasted 00:07:06 (5809 turns).

zeratav the Tainter (Octopode Venom Mage)           Turns: 5809, Time: 00:07:07

Health: -18/54     AC:  1    Str:  7    XL:     8   Next: 59%
Magic:  8/11       EV: 14    Int: 20    God:
Gold:   157        SH:  0    Dex: 12    Spells: 4/11 levels left

rFire   . . .      SeeInvis .   p - +2 dagger (venom) {short}
rCold   . . .      Faith    .   (no shield)
rNeg    . . .      Spirit   .   (helmet restricted)
rPois   +          Reflect  .   c - amulet of magic regeneration
rElec   .          Harm     .   b - ring of poison resistance
rCorr   .          Rampage  .   (no ring)
Will    .....                   (no ring)
Stlth   ++++......              (no ring)
HPRegen 0.18/turn               (no ring)
MPRegen 0.52/turn               (no ring)
                                (no ring)
                                (no ring)

@: no status effects
A: almost no armour, amphibious, 8 rings, camouflage 1, gelatinous body 1,
(nimble swimmer 1), tentacles
a: no special abilities


You were on level 5 of the Dungeon.
You visited 1 branch of the dungeon, and saw 5 of its levels.

You collected 157 gold pieces.


Innate Abilities, Weirdness & Mutations

You cannot wear most types of armour.
You are amphibious.
You can wear up to eight rings at the same time.
Your skin changes colour to match your surroundings (Stealth+).
Your rubbery body absorbs attacks. (AC +1, EV +1)
((You are camouflaged when in or above water. (Stealth+)))
You have tentacles for arms and can constrict up to eight enemies at once.


   Skills:
 + Level 3.9 Fighting
 + Level 4.5 Dodging
 - Level 5.0 Stealth
 - Level 2.0 Spellcasting
 - Level 1.0 Transmutations
 - Level 10.0 Poison Magic


You had 4 spell levels left.
You knew the following spells:

 Your Spells              Type           Power      Damage    Failure   Level
a - Sting                 Tmut/Pois      96%        1d7       1%          1
b - Poisonous Vapours     Pois/Air       44%        N/A       3%          2
c - Olgreb's Toxic Radia  Pois           42%        N/A       2%          4

Your spell library contained the following spells:

 Spells                   Type           Power      Damage    Failure   Level
 Mephitic Cloud           Conj/Pois/Air  15%        N/A       12%         3
 Slow                     Hex            8%         N/A       16%         1
 Confusing Touch          Hex            2%         N/A       43%         3
 Vampiric Draining        Necr           2%         2d6       43%         3

Inventory:

Hand Weapons
 p - a +2 dagger of venom (weapon) {short}
   (You took it off a kobold on level 4 of the Dungeon)
Jewellery
 b - a ring of poison resistance (left tentacle)
   (You found it on level 1 of the Dungeon)
 c - an amulet of magic regeneration (around mantle)
   (You found it on level 1 of the Dungeon)
Wands
 n - a wand of polymorph (6)
   (You found it on level 3 of the Dungeon)
Scrolls
 e - 2 scrolls of immolation {!r!r}
 f - 2 scrolls of enchant weapon
 i - a scroll of noise {!r}
 m - a scroll of identify {@r1}
 o - 2 scrolls of amnesia
 q - a scroll of vulnerability {unknown}
Potions
 a - 2 potions of magic
 d - a potion of lignification {unknown}
 g - 2 potions of heal wounds {unknown}
 h - 4 potions of curing {unknown}
 j - a potion of degeneration {unknown}
 k - a potion of resistance {unknown}
 l - 2 potions of haste {unknown}
 r - a potion of berserk rage {unknown}

Dungeon Overview and Level Annotations

Branches:
Dungeon (5/15) Zot: 24188
 Temple: D:4-7

Altars:
Dithmenos
Fedhas

Annotations:
D:3 Ijyb
D:5 exclusions: phantom and 2 yaks

#########
#.....Y.#
###†#####Y#
#.§...# #.#
#####§###Y#
#....§t.#.#
#.#...#@#.#
#.###W#.#
#.......#.#
#....#..#.#
#..? ..†#.#
#..Y.#.##.#
#.W.##. #.#
# .. .. #.#
.. ## #.#


You could see a snapping turtle and a phantom.


Message History

You lost 4 mp, and now have 7/11 mp.
The yak looks even sicker.
The yak closely misses you.
MP[+1]
As you read the scroll labelled GEGGUOFUCUU, it crumbles to dust.
It is a scroll of identify.
e - 2 scrolls of immolation The yak looks even sicker.
The yak looks as sick as possible!
Your toxic aura wanes.
The yak misses you.
As you read the scroll of identify {@r1}, it crumbles to dust.
f - 2 scrolls of enchant weapon The yak barely misses you.
MP[+1]
As you read the scroll of identify {@r1}, it crumbles to dust.
i - a scroll of noise The yak gores you!
The phantom hits you.
HP[-9]
You take 9 damage, and now have 41/50 hp.
Casting: Olgreb's Toxic Radiance (dangerous; 2% risk of failure)
Confirm with . or Enter, or press ? or * to list all spells.
You begin to radiate toxic energy.
The yak looks as sick as possible!
The yak looks even sicker.
The yak looks as sick as possible! x3
The yak gores you. The phantom misses you.
HP[-3] MP[-3]
You take 3 damage, and now have 38/50 hp.
You lost 3 mp, and now have 6/11 mp.
As you read the scroll of identify {@r1}, it crumbles to dust.
o - 2 scrolls of amnesia The yak looks as sick as possible!
The yak gores you! The phantom hits you!
* * * LOW HITPOINT WARNING * * *
The phantom blinks!
You blink.
HP[-16]
You take 16 damage, and now have 22/50 hp.
MASSIVE DAMAGE!! (PAUSE)
You hit the phantom but do no damage. You squeeze the phantom!
Your toxic aura wanes.
The phantom hits you.
* * * LOW HITPOINT WARNING * * *
The phantom blinks!
You blink.
HP[-1] MP[+1]
You take 1 damage, and now have 21/50 hp.
You barely miss the phantom. Your squeeze misses the phantom.
The phantom closely misses you.
You hit the phantom. The phantom closely misses you.
HP[+1] MP[+1]
You barely miss the phantom. The phantom hits you.
* * * LOW HITPOINT WARNING * * *
HP[-4]
You take 4 damage, and now have 18/50 hp.
Casting: Olgreb's Toxic Radiance (dangerous; 2% risk of failure)
Confirm with . or Enter, or press ? or * to list all spells.
You begin to radiate toxic energy.
You feel a bit more experienced. The phantom hits you.
* * * LOW HITPOINT WARNING * * *
Your Fighting skill increases to level 2!
Your Dodging skill increases to level 3!
HP[-2] MP[-3]
You now have 51 max hp (+1).
You take 2 damage, and now have 16/51 hp.
You lost 3 mp, and now have 5/11 mp.
You closely miss the phantom.
Your toxic aura wanes.
The phantom hits you.
* * * LOW HITPOINT WARNING * * *
The phantom blinks!
You blink.
HP[-1]
You take 1 damage, and now have 15/51 hp.
You kill the yak!
Your Fighting skill increases to level 3!
Your Dodging skill increases to level 4!
HP[+1] MP[+1]
You now have 52 max hp (+1).
You kill the yak!
The phantom hits you.
* * * LOW HITPOINT WARNING * * *
HP[-2]
You now have 54 max hp (+2).
The yak bellows!
You hit the phantom but do no damage. Your squeeze misses the phantom.
The phantom hits you.
* * * LOW HITPOINT WARNING * * *
The phantom blinks!
You blink.
HP[-3] MP[+1]
You take 3 damage, and now have 11/54 hp.
Aiming: Polymorph
Press: ? - help, Q - select action, (/) - cycle Shift-Dir - straight line, f - yak
Aim: a yak (will become a raiju, a cane toad, or a polar bear, chance to affect: 49%)
The yak evaporates and reforms as a cane toad!
The phantom barely misses you.
Aiming: Polymorph
Press: ? - help, Q - select action, (/) - cycle Shift-Dir - straight line, f/p - cane toad
Aim: a cane toad (will become a golden eye, a snapping turtle, or a queen bee, chance to affect: 49%)
The cane toad evaporates and reforms as a snapping turtle!
The snapping turtle bites you!!
Ouch! That really hurt!
You die...

Skill      XL: |  1  2  3  4  5  6  7  8 |
---------------+-------------------------+-----
Stealth        | 3 4 5 |  5.0
Poison Magic   | 4 5 7 8 10 | 10.0
Fighting       | 1 3 |  3.9
Dodging        | 4 |  4.5
Spellcasting   | |  2.0
Transmutations | |  1.0

Action                   |  1- 3 |  4- 6 |  7- 9 || total
-------------------------+-------+-------+-------++-------
Melee: Unarmed           |     5 |       |       ||     5
       Tentacles         |     5 |     4 |     1 ||    10
       Constrict         |     6 |    10 |       ||    16
       Dagger            |    29 |    13 |     9 ||    51
       Short sword       |       |    17 |       ||    17
 Cast: Sting             |    22 |    63 |     9 ||    94
       Poisonous Vapours |       |    45 |    17 ||    62
       Olgreb's Toxic Ra |       |     3 |     8 ||    11
Evoke: Wand              |       |       |     2 ||     2
  Use: Scroll            |       |       |     4 ||     4
 Stab: Sleeping          |    10 |     3 |     1 ||    14
Armor: Skin              |     2 |       |       ||     2
Dodge: Dodged            |    21 |    39 |     8 ||    68

Levels and vault maps discovered:
D:1:      saegor_arrival_simple_e, layout_loops_ring,
          chequers_ecumenical_altar_grove, st_stairs_10, minmay_misc_feat_five,
          minivault_23
D:2:      layout_basic, nrook_uturn, corexii_corridor_pit, uniq_natasha
D:3:      layout_loops_cross, lemuel_tele_altar,
          mainiacjoe_overflow_small_starburst, minivault_5, uniq_terence,
          uniq_ijyb
D:4:      layout_rooms, minmay_tree_intersection
D:5:      layout_basic, uniq_eustachio, uniq_duvessa, uniq_crazy_yiuf_cottage,
          uniq_edmund

Notes
Turn   | Place    | Note
-------+----------+-------------------------------------------
     0 | D:1      | zeratav the Octopode Venom Mage began the quest for the
                  | Orb.
     0 | D:1      | Reached XP level 1. HP: 11/11 MP: 3/3
     0 | D:1      | magus.rc [v1.9.6]
   417 | D:1      | Reached skill level 3 in Stealth
   558 | D:1      | Reached skill level 4 in Poison Magic
   558 | D:1      | Reached XP level 2. HP: 17/17 MP: 3/5
   561 | D:1      | Learned a level 2 spell: Poisonous Vapours
   719 | D:1      | Reached XP level 3. HP: 11/21 MP: 3/6
   935 | D:1      | Reached skill level 4 in Stealth
  1296 | D:1      | Found a faded altar of an unknown god.
  1542 | D:2      | Noticed Natasha
  1549 | D:2      | Killed Natasha
  1550 | D:2      | Reached XP level 4. HP: 12/27 MP: 5/7
  1911 | D:2      | Noticed Natasha
  1917 | D:2      | Killed Natasha
  1918 | D:2      | Reached skill level 5 in Stealth
  1918 | D:2      | Reached skill level 5 in Poison Magic
  2226 | D:2      | Noticed Natasha
  2232 | D:2      | Killed Natasha
  2233 | D:2      | Reached XP level 5. HP: 30/31 MP: 2/8
  2246 | D:2      | Reached skill level 6 in Poison Magic
  3554 | D:3      | HP: 3/31 [orc/+0 trident (10)]
  3858 | D:3      | Found a blossoming altar of Fedhas.
  3888 | D:3      | Reached skill level 7 in Poison Magic
  3888 | D:3      | Reached XP level 6. HP: 36/36 MP: 4/9
  3948 | D:3      | Noticed Ijyb
  4028 | D:3      | Noticed Terence
  4038 | D:3      | Killed Terence
  4062 | D:3      | You pick up a book of Debilitation and begin reading...
  4062 | D:3      | You add the spells Slow, Vampiric Draining and Confusing
                  | Touch to your library.
  4341 | D:3      | Found a shadowy altar of Dithmenos.
  5099 | D:4      | Learned a level 4 spell: Olgreb's Toxic Radiance
  5143 | D:4      | Reached skill level 8 in Poison Magic
  5284 | D:4      | Reached XP level 7. HP: 38/41 MP: 4/10
  5526 | D:4      | Reached skill level 9 in Poison Magic
  5692 | D:5      | Entered Level 5 of the Dungeon
  5719 | D:5      | Noticed a yak
  5723 | D:5      | Noticed a yak
  5745 | D:5      | Noticed a yak
  5745 | D:5      | Noticed a yak
  5760 | D:5      | Noticed a yak
  5761 | D:5      | Killed a yak
  5762 | D:5      | Reached skill level 10 in Poison Magic
  5766 | D:5      | Killed a yak
  5767 | D:5      | Reached skill level 1 in Fighting
  5767 | D:5      | Reached XP level 8. HP: 50/50 MP: 2/11
  5789 | D:5      | Noticed a yak
  5803 | D:5      | Killed a yak
  5804 | D:5      | Reached skill level 2 in Fighting
  5804 | D:5      | Reached skill level 3 in Dodging
  5805 | D:5      | Killed a yak
  5806 | D:5      | Reached skill level 3 in Fighting
  5806 | D:5      | Reached skill level 4 in Dodging
  5806 | D:5      | Killed a yak
  5806 | D:5      | HP: 13/52 [phantom (3)]
  5808 | D:5      | Noticed a cane toad
  5808 | D:5      | a yak changed into a cane toad
  5809 | D:5      | Noticed a snapping turtle
  5809 | D:5      | a cane toad changed into a snapping turtle
  5809 | D:5      | Demolished by a snapping turtle

Vanquished Creatures
  5 yaks (D:5)
  2 scorpions
  3 orc priests
  An iguana (D:4)
  Terence (D:3)
  Natasha (thrice) (D:2)
  3 orc wizards (D:4)
  3 gnolls (D:2)
  7 adders
  2 worms
  3 dart slugs
  13 orcs
  4 ball pythons
  6 bats
  7 endoplasms
  5 giant cockroaches
  4 goblins
  4 hobgoblins
  3 jackals (D:1)
  5 kobolds
  2 quokkas
  6 frilled lizards
  4 rats
96 creatures vanquished.

Table legend:
 A = Non-vault XP
 B = Vault XP
 C = Vault XP percentage of total XP
 D = Non-vault monster count
 E = Vault monster count
 F = Vault count percentage of total count
                 A         B        C        D         E       F
            +---------+---------+-------+---------+---------+-------
      Total |    1805 |      76 |   4.0 |      91 |       5 |   5.2
            +---------+---------+-------+---------+---------+-------
        D:1 |      41 |       5 |  10.9 |      23 |       3 |  11.5
        D:2 |     183 |      35 |  16.1 |      23 |       1 |   4.2
        D:3 |     102 |      36 |  26.1 |      10 |       1 |   9.1
        D:4 |     354 |       0 |   0.0 |      28 |       0 |   0.0
        D:5 |    1125 |       0 |   0.0 |       7 |       0 |   0.0
            +---------+---------+-------+---------+---------+-------

Illustrated notes

Table legend:
 A = Kills in this place as a percentage of kills in entire the game.
 B = Kills by you in this place as a percentage of kills by you in the entire game.
 C = Kills by friends in this place as a percentage of kills by friends in the entire game.
 D = Other kills in this place as a percentage of other kills in the entire game.
 E = Experience gained in this place as a percentage of experience gained in the entire game.
 F = Experience gained in this place divided by the number of levels of this place that you have seen.
                   A       B       C       D       E      F
               +-------+-------+-------+-------+-------+----------------------
         Total | 100.0 | 100.0 |   N/A |   N/A | 100.0 | 376.2
       Dungeon | 100.0 | 100.0 |   N/A |   N/A | 100.0 | 376.2
               +-------+-------+-------+-------+-------+----------------------

Table legend: (Time is in decaauts)
 A = Elapsed time spent in this place.
 B = Non-inter-level travel time spent in this place.
 C = Inter-level travel time spent in this place.
 D = Time resting spent in this place.
 E = Time spent auto-exploring this place.
 F = Levels seen in this place.
 G = Mean time per level.
                   A        B        C        D        E       F      G
               +--------+--------+--------+--------+--------+-----+--------+
         Total |   5810 |   5667 |    143 |   1243 |   3701 |   5 | 1162.0 |
       Dungeon |   5810 |   5667 |    143 |   1243 |   3701 |   5 | 1162.0 |
               +--------+--------+--------+--------+--------+-----+--------+

Top non-repeatable levels by time:
     D:2: 2190 daAuts
     D:1: 1508 daAuts
     D:3: 1115 daAuts
     D:4: 880 daAuts
     D:5: 116 daAuts
